 Dungeon Crawl Stone Soup version 0.20-a0-303-g575bbf7 (webtiles) character file.

581 Gorice the Vexing (level 7, -1/44 HPs)
             Began as a Kobold Arcane Marksman on Dec 17, 2016.
             Killed by divine providence
             ... invoked by an orc priest
              (10 damage)
             ... on level 5 of the Dungeon.
             The game lasted 00:27:48 (5479 turns).

Gorice the Vexing (Kobold Arcane Marksman)          Turns: 5479, Time: 00:27:49

Health: -1/44      AC:  9    Str: 12    XL:     7   Next: 63%
Magic:  2/8        EV: 16    Int: 15    God:
Gold:   174        SH:  0    Dex: 14    Spells: 5/8 levels left

rFire  . . .     SeeInvis .     a - +0 flail
rCold  . . .     Gourm    .     p - +2 ring mail {rN+}
rNeg   + . .     Faith    .     (shield restricted)
rPois  +         Spirit   .     (no helmet)
rElec  .         Reflect  .     t - +0 cloak
rCorr  .         Harm     .     (no gloves)
MR     .....     Rnd*Tele +     q - +0 pair of boots
Stlth  +.........               (no amulet)
                                o - +3 ring of evasion
                                s - ring of teleportation (curse)

@: no status effects
A: carnivore 3, poison resistance, strong 1
a: no special abilities


You were on level 5 of the Dungeon.
You were very full.

You visited 1 branch of the dungeon, and saw 5 of its levels.

You collected 174 gold pieces.

Inventory:

Hand Weapons
 a - a +0 flail (weapon)
 b - a +0 hand crossbow
 i - a +0 whip
Missiles
 Z - 147 stones (quivered)
Armour
 e - a +0 robe
 p - a +2 ring mail of positive energy (worn)
   (You found it on level 2 of the Dungeon)
 q - a +0 pair of boots (worn)
 t - a +0 cloak (worn)
Jewellery
 m - an uncursed amulet of guardian spirit
 o - a +3 ring of evasion (right hand)
 s - a cursed ring of teleportation (left hand)
Scrolls
 j - 2 scrolls of teleportation {!r}
 r - 2 scrolls of identify
 u - a scroll of amnesia
Books
 c - a book of Debilitation
Comestibles
 f - 2 meat rations {!e}
 g - a royal jelly
 h - a beef jerky


   Skills:
 + Level 4.3 Fighting
 - Level 4.7 Crossbows
 + Level 1.2 Armour
 - Level 2.4 Dodging
 - Level 1.1 Spellcasting
 + Level 6.0 Hexes


You had 5 spell levels left.
You knew the following spells:

 Your Spells              Type           Power        Failure   Level  Hunger
a - Corona                Hex            ###....      6%          1    ##.....
b - Slow                  Hex            ###.....     10%         2    ###....


Dungeon Overview and Level Annotations

Branches:
Dungeon (5/15)
 Temple: D:4-7

Altars:
Ashenzari
Cheibriados
Elyvilon
Ru
Sif Muna
Zin

Annotations:
D:3 TotoDurand's ghost, amateur DrCK
D:4 pUX: lethal floor!, Blork the orc; Dowan; Duvessa; Robin


Innate Abilities, Weirdness & Mutations

You are small and have problems with some larger weapons.
You are carnivorous and can eat meat at any time.
Your system is resistant to poisons. (rPois)
Your muscles are strong. (Str +2)


Message History

Aiming: Slow
Press: ? - help, Shift-Dir - straight line, f - orc wizard
Aim: an orc wizard, wielding a dagger and wearing a robe (chance to defeat MR: 57%)
The orc wizard resists with significant effort.
Casting: Slow
Confirm with . or Enter, or press ? or * to list all spells.
Aiming: Slow
Press: ? - help, Shift-Dir - straight line, f/p - orc wizard
Aim: an orc wizard, wielding a dagger and wearing a robe (chance to defeat MR: 57%)
The orc wizard seems to slow down.
The orc wizard begins to cast a cantrip, but forgets the words!
A ball python comes into view.
Found a hand axe and 14 gold pieces.
The ball python bites you but does no damage.
The ball python misses you. The ball python closely misses you. x2
The ball python barely misses you. x2; The ball python completely misses you. x2
Casting: Slow
Confirm with . or Enter, or press ? or * to list all spells.
Aiming: Slow
Press: ? - help, Shift-Dir - straight line, f - ball python
Aim: a ball python (chance to defeat MR: 73%)
The ball python seems to slow down.
Casting: Slow
Confirm with . or Enter, or press ? or * to list all spells.
Aiming: Corona
Press: ? - help, Shift-Dir - straight line, f/p - ball python
Aim: a ball python (slow, chance to defeat MR: 73%)
The ball python is outlined in light.
The ball python closely misses you. x2
You are too injured to fight recklessly!
You are too injured to fight recklessly!
You are too injured to fight recklessly!
You hit the ball python.
The ball python is moderately wounded.
The ball python completely misses you. The ball python misses you.
You sock the ball python!
You kill the ball python!
Found a shattered altar of Ashenzari.
You start resting.
You are suddenly yanked towards some nearby monsters!
Your surroundings suddenly seem different.
The orc wizard shouts!
An orc priest comes into view. It is wielding a whip.
The orc priest shouts!
A crimson imp comes into view.
The crimson imp shouts!
The crimson imp blinks!
The orc priest invokes the aid of Beogh against you.
Beogh smites you!
You die...

o# .# #..........#. .#
.# #^...<........# .#..
#....(.....#..# .#.#
#.............# .#.#
#..........#..# ...#
#.............####
..#####.........†.......
.###......#######(..####
.......o.....(..@.......
####....>.###...##...###
#########...........##
#.........5.<.#
#.o..§.........
#o.....h.......
##.......).....
##...#...<%...
######......#


You could see an orc priest, an orc wizard and a crimson imp.

Vanquished Creatures
  A black bear (D:5)
  An ogre (D:4)
  2 howler monkeys
  A crimson imp (D:4)
  A hound (D:3)
  3 worker ants
  An orc wizard (D:3)
  A hound zombie (D:5)
  4 adders
  5 worms
  3 dart slugs
  3 leopard geckos
  5 orcs
  5 bats (D:1)
  5 giant cockroaches
  10 goblins
  12 hobgoblins
  8 jackals
  6 ball pythons
  3 frilled lizards
  3 kobolds
  6 rats
89 creatures vanquished.

Notes
Turn   | Place    | Note
-------+----------+-------------------------------------------
     0 | D:1      | Gorice the Kobold Arcane Marksman began the quest for the Orb.
     0 | D:1      | Reached XP level 1. HP: 12/12 MP: 2/2
   101 | D:1      | Reached XP level 2. HP: 16/16 MP: 3/3
   118 | D:1      | Reached skill level 3 in Crossbows
   753 | D:1      | Reached XP level 3. HP: 7/20 MP: 0/4
   764 | D:1      | Learned a level 2 spell: Slow
  1211 | D:2      | Found a deep blue altar of Sif Muna.
  1248 | D:2      | Reached XP level 4. HP: 25/25 MP: 0/5
  1358 | D:2      | Reached skill level 4 in Hexes
  1545 | D:2      | Found a glowing silver altar of Zin.
  1547 | D:2      | Found a sacrificial altar of Ru.
  1744 | D:3      | Reached skill level 4 in Crossbows
  1938 | D:3      | Reached XP level 5. HP: 25/29 MP: 0/6
  2213 | D:3      | Noticed TotoDurand's ghost (amateur DrCK)
  2846 | D:3      | Found a white marble altar of Elyvilon.
  3418 | D:4      | Noticed Robin
  3751 | D:3      | Reached skill level 2 in Fighting
  3843 | D:3      | Reached skill level 5 in Hexes
  3843 | D:3      | Reached XP level 6. HP: 13/36 MP: 3/7
  4041 | D:4      | Found a snail-covered altar of Cheibriados.
  4094 | D:4      | Noticed an ogre
  4532 | D:4      | HP: 7/36 [worker ant (7)]
  4535 | D:4      | Reached skill level 3 in Fighting
  4539 | D:4      | HP: 5/55 [poisoned by a worker ant]
  4543 | D:4      | HP: 2/55 [hobgoblin/club[Robin] (2)]
  4549 | D:4      | HP: 1/37 [poisoned by a worker ant]
  4922 | D:4      | Killed an ogre
  4922 | D:4      | Reached XP level 7. HP: 42/42 MP: 5/8
  5007 | D:4      | Gained mutation: Your system is resistant to poisons. (rPois) [potion of beneficial mutation]
  5008 | D:4      | Gained mutation: Your muscles are strong. (Str +2) [potion of beneficial mutation]
  5029 | D:4      | Noticed Dowan
  5034 | D:4      | Noticed Duvessa
  5155 | D:4      | Noticed Blork the orc
  5179 | D:5      | Entered Level 5 of the Dungeon
  5395 | D:4      | Reached skill level 4 in Fighting
  5413 | D:5      | HP: 7/43 [black bear (11)]
  5414 | D:5      | HP: 1/43 [black bear (6)]
  5415 | D:5      | Reached skill level 1 in Armour
  5415 | D:5      | Reached skill level 6 in Hexes
  5435 | D:5      | HP: 3/43 [hound zombie (1)]
  5476 | D:5      | Found a shattered altar of Ashenzari.
  5479 | D:5      | Killed from afar by an orc priest

Vault maps used:
D:1:      evilmike_arrival_run_for_it, minmay_tromino_v2
D:2:      old_standard_altar, amethyst_overflow_temple_binary
D:3:      marbit_many_paths, first_bread
D:4:      grunt_temple_overflow_lords_of_destruction,
          nicolae_overflow_crystal_walls, gup_ossuary_entry_pyramid,
          uniq_blork_the_orc, uniq_duvessa, uniq_robin
D:5:      nemelex_xobeh_ov_fountains_minmay, nicolae_ashenzari_panopticon

Skill      XL: |  1  2  3  4  5  6  7 |
---------------+----------------------+-----
Crossbows      | 3 4 |  4.7
Hexes          | 4 5 6 |  6.0
Fighting       | 2 3 4 |  4.3
Armour         | 1 |  1.2
Dodging        | |  2.4
Spellcasting   | |  1.1

Action                   |  1- 3 |  4- 6 |  7- 9 || total
-------------------------+-------+-------+-------++-------
Melee: Flail             |       |   127 |    40 ||   167
       Whip              |       |    25 |       ||    25
 Fire: Hand crossbow     |    72 |    65 |     6 ||   143
Throw: Stone             |       |    10 |       ||    10
 Cast: Corona            |    22 |    62 |     4 ||    88
       Slow              |     1 |    24 |     9 ||    34
  Use: Scroll            |     1 |     6 |     3 ||    10
       Potion            |       |     1 |     2 ||     3
  Eat: Chunk             |    10 |    13 |     5 ||    28
Armor: Robe              |     2 |    28 |       ||    30
       Ring mail         |       |       |    27 ||    27
Dodge: Dodged            |    24 |   181 |    67 ||   272

Table legend:
 A = Turns spent in this place as a percentage of turns spent in the entire game.
 B = Non-inter-level travel turns spent in this place as a percentage of non-inter-level travel turns spent in the entire game.
 C = Inter-level travel turns spent in this place as a percentage of turns spent in this place.
 D = Turns resting spent in this place as a percentage of non-inter-level travel turns spent in this place.
 E = Turns spent auto-exploring this place as a percentage of non-inter-level travel turns spent in this place.
 F = Non-inter-level travel turns spent in this place divided by the number of levels of this place that you've seen.
                   A       B       C       D       E      F
               +-------+-------+-------+-------+-------+----------------------
         Total | 100.0 | 100.0 |   0.5 |   2.8 |   4.0 | 399.8
       Dungeon | 100.0 | 100.0 |   0.5 |   2.8 |   4.0 | 399.8
               +-------+-------+-------+-------+-------+----------------------

Vault maps used:
D:1:      evilmike_arrival_run_for_it, minmay_tromino_v2
D:2:      old_standard_altar, amethyst_overflow_temple_binary
D:3:      marbit_many_paths, first_bread
D:4:      grunt_temple_overflow_lords_of_destruction,
          nicolae_overflow_crystal_walls, gup_ossuary_entry_pyramid,
          uniq_blork_the_orc, uniq_duvessa, uniq_robin
D:5:      nemelex_xobeh_ov_fountains_minmay, nicolae_ashenzari_panopticon
